Map: Prion Terraces

Players

PowerKiller

  • Race: Terran Terran
  • League: Gold

Grumm - Winner!

  • Race: Protoss Protoss
  • League: Gold

VOD

Have the link to the VOD?

Description

Time

  • Played on: Feb. 19, 2016, 12:19 p.m.
  • Length: 17:39
Show
View Real Time Build Order
Export as new Build Order

PowerKiller Terran 

Build Orders: Liberator Opening, MMM Bio 

Get SALT Encoding   

  12  0:01  SCV  
  13  0:13  SCV  
  14  0:17  Supply Depot  
  14  0:25  SCV  
  15  0:29  Refinery  
  15  0:39  SCV  
  16  0:46  Barracks  
  16  0:51  SCV  
  17  1:03  SCV  
  18  1:09  Supply Depot  
  18  1:15  SCV  
  19  1:27  SCV  
  20  1:41  Reaper  
  21  1:54  Command Center  
  21  1:57  Factory  
  21  2:03  SCV  
  22  2:10  Refinery  
  22  2:21  Barracks Tech Lab  
  23  2:22  SCV  
  23  2:45  Starport  
  23  2:58  Reaper  
  23  3:04  Supply Depot  
  18  3:16  SCV x2  
  18  3:30  Reaper  
  19  3:41  Orbital Command  
  19  3:44  SCV  
  20  3:55  Liberator  
  20  3:56  SCV, Factory Tech Lab  
  21  4:08  SCV  
  25  4:27  Bunker  
  25  4:33  SCV  
  23  5:05  Siege Tank  
  23  5:06  SCV x2  
  28  5:18  SCV  
  28  5:21  SCV  
  30  5:30  SCV  
  30  5:33  SCV  
  32  5:37  Siege Tank  
  34  5:53  Marine  
  34  5:55  Stimpack  
  34  5:56  Medivac  
  35  5:58  SCV  
  36  6:05  Orbital Command  
  36  6:12  Orbital Command  
  36  6:19  Barracks  
  36  6:20  Barracks  
  36  6:23  Marine  
  36  6:24  Barracks  
  37  6:29  Medivac  
  37  6:32  SCV  
  40  6:43  SCV  
  40  6:44  SCV  
  42  6:54  Supply Depot  
  42  6:55  SCV, Siege Tank  
  46  7:11  Barracks Reactor  
  46  7:12  Barracks Tech Lab  
  46  7:15  SCV x2  
  48  7:17  Barracks Tech Lab  
  48  7:20  Barracks Reactor  
  48  7:26  Refinery  
  48  7:27  SCV x2  
  48  7:29  Supply Depot  
  50  7:31  Starport Reactor  
  50  7:39  SCV x2  
  50  7:41  Marauder  
  50  7:44  Concussive Shells  
  54  7:51  SCV x2  
  54  7:54  Engineering Bay  
  54  7:55  Combat Shields  
  54  7:56  Engineering Bay  
  54  7:58  Supply Depot  
  56  8:04  SCV x2  
  58  8:16  SCV x2  
  58  8:17  Refinery  
  60  8:22  Terran Infantry Weapons Level 1  
  60  8:23  Terran Infantry Armor Level 1  
  60  8:28  SCV x2  
  55  8:37  Marine  
  55  8:38  Marine x5  
  55  8:40  SCV x2  
  58  8:42  Bunker  
  58  8:52  SCV x2  
  58  8:55  Marine x3  
  60  8:56  Marine x3  
  66  9:03  Medivac x2  
  70  9:12  Missile Turret  
  70  9:29  Marine x5, Siege Tank  
  70  9:30  Supply Depot  
  78  9:44  Armory  
  78  9:47  Marine  
  78  9:51  Command Center  
  77  10:02  Siege Tank  
  72  10:16  Marine  
  72  10:17  Marine x2  
  73  10:34  Marine x3  
  62  10:52  Marine x2  
  53  11:13  Marine x3  
  52  11:30  Marine  
  52  11:31  Marine x2  
  53  11:42  SCV x2  
  53  11:43  Terran Infantry Weapons Level 2  
  53  11:44  Terran Infantry Armor Level 2  
  55  11:48  Marine, Siege Tank  
  55  11:49  Marine x2  
  61  12:00  Starport Reactor  
  61  12:06  Marine x2  
  61  12:07  Marine  
  64  12:20  Siege Tank  
  64  12:22  Orbital Command  
  64  12:24  Marine x3  
  63  12:44  Barracks Reactor  
  63  12:52  Siege Tank  
  63  12:56  Marine x2  
  68  13:06  Medivac x2  
  72  13:12  Barracks  
  72  13:14  Marine  
  72  13:19  SCV x2  
  75  13:25  Marine x3  
  78  13:29  Siege Tank  
  78  13:31  SCV  
  78  13:32  Marine, SCV  
  84  13:43  Marine x2, SCV  
  84  13:44  SCV  
  89  13:54  Marauder  
  91  13:57  Marauder  
  91  14:01  Marine x2  
  94  14:06  Supply Depot  
  94  14:08  SCV x2  
  94  14:09  Refinery  
  96  14:11  Refinery  
  96  14:16  Marauder  
  98  14:19  Marine x2  
  100  14:30  Marine  
  101  14:36  Marine  
  101  14:37  Marauder, Marine  
  73  14:48  Marine  
  73  14:54  Marine x2  
  73  14:58  Medivac, Marine  
  73  14:59  Medivac  
  80  15:04  Missile Turret  
  80  15:06  Marine  
  81  15:12  Marine x2  
  83  15:16  Marine  
  68  15:24  Marine  
  58  15:28  Medivac  
  58  15:33  Marine  
  49  15:57  Marine x3  
  49  15:58  Marine  
  49  15:59  Medivac  
  49  16:00  Medivac  
  56  16:15  Marine x3  
  56  16:16  Marine  
  56  16:21  Barracks Reactor  
  56  16:24  Barracks  
  50  16:29  Medivac  
  50  16:30  Medivac  
  54  16:33  Marine x3  
  54  16:34  Marine  
  57  16:51  Marine x4  
  43  17:19  Marine x2  
  43  17:20  Marine  
Show
View Real Time Build Order
Export as new Build Order

Grumm Protoss - Winner!

Build Orders:  

Get SALT Encoding   

  12  0:01  Probe (Chrono Boost)  
  13  0:15  Pylon  
  13  0:18  Probe (Chrono Boost)  
  15  0:28  Probe (Chrono Boost)  
  15  0:34  Gateway  
  15  0:47  Gateway  
  15  0:51  Probe (Chrono Boost)  
  16  0:57  Assimilator  
  16  1:03  Probe (Chrono Boost)  
  17  1:05  Assimilator  
  17  1:22  Cybernetics Core  
  19  1:25  Zealot (Chrono Boost)  
  19  1:32  Probe (Chrono Boost)  
  20  1:35  Zealot (Chrono Boost)  
  22  1:43  Probe  
  23  2:01  Warp Gate (Chrono Boost)  
  23  2:05  Pylon  
  23  2:16  Probe  
  23  2:28  Probe  
  24  2:38  Nexus  
  24  2:45  Adept (Chrono Boost)  
  26  2:58  Probe  
  27  3:02  Zealot (Chrono Boost)  
  29  3:10  Probe  
  28  3:22  Adept (Chrono Boost), Probe  
  31  3:29  Pylon  
  31  3:44  Probe  
  30  3:49  Robotics Facility  
  30  3:58  Pylon  
  30  4:01  Probe  
  31  4:23  Probe  
  32  4:24  Stalker  
  32  4:25  Stalker  
  32  4:27  Forge  
  36  4:33  Pylon  
  36  4:36  Mothership Core  
  36  4:55  Probe  
  36  4:57  Probe  
  38  5:02  Pylon  
  38  5:05  Probe  
  34  5:09  Probe, Protoss Ground Weapons Level 1 (Chrono Boost)  
  36  5:16  Probe, Photon Cannon  
  36  5:19  Photon Cannon  
  37  5:21  Probe  
  37  5:24  Photon Cannon  
  38  5:29  Stalker  
  38  5:30  Adept  
  38  5:53  Probe  
  38  5:54  Probe  
  38  5:56  Photon Cannon  
  40  5:59  Gateway  
  40  6:05  Probe, Immortal  
  45  6:14  Probe  
  45  6:15  Pylon  
  46  6:19  Zealot  
  46  6:22  Probe  
  49  6:25  Probe  
  49  6:30  Assimilator  
  50  6:33  Stargate  
  50  6:35  Photon Cannon  
  50  6:38  Pylon  
  51  6:40  Probe  
  51  6:44  Stalker  
  53  6:51  Stalker  
  55  6:59  Stargate  
  55  7:01  Pylon  
  55  7:02  Probe  
  55  7:03  Probe  
  57  7:12  Probe  
  57  7:14  Stalker x2  
  62  7:15  Stalker  
  64  7:24  Observer  
  64  7:27  Void Ray, Protoss Ground Armor Level 1 (Chrono Boost)  
  69  7:32  Assimilator  
  69  7:33  Probe x2  
  71  7:48  Nexus  
  71  7:50  Pylon  
  71  7:59  Void Ray  
  75  8:09  Stalker  
  75  8:10  Adept x2  
  81  8:13  Photon Cannon  
  81  8:22  Warp Prism, Probe  
  81  8:23  Probe  
  67  8:42  Stalker x3  
  67  8:47  Probe  
  74  8:50  Void Ray x2 (Chrono Boost)  
  74  8:53  Probe  
  83  8:59  Probe  
  84  9:03  Probe  
  84  9:05  Pylon, Probe  
  84  9:06  Stalker  
  84  9:08  Sentry  
  90  9:48  Stalker x3  
  78  10:31  Probe x2  
  76  10:35  Adept  
  76  10:36  Adept x2  
  80  10:49  Probe x2  
  78  11:00  Stalker  
  78  11:01  Probe  
  78  11:03  Void Ray (Chrono Boost)  
  78  11:04  Void Ray (Chrono Boost)  
  87  11:06  Stalker  
  85  11:23  Stalker x2  
  87  11:28  Probe  
  87  11:31  Probe  
  87  11:32  Zealot x3  
  83  11:40  Assimilator  
  83  11:44  Assimilator  
  83  11:47  Nexus  
  83  11:49  Void Ray (Chrono Boost)  
  83  11:50  Void Ray (Chrono Boost), Pylon  
  83  11:53  Immortal  
  95  11:57  Gateway  
  95  11:58  Pylon  
  95  11:59  Pylon  
  95  12:02  Gateway  
  95  12:04  Probe  
  95  12:06  Nexus  
  95  12:07  Pylon  
  96  12:12  Gateway  
  96  12:13  Gateway  
  94  12:17  Stalker x3  
  92  12:24  Stalker x3  
  95  12:47  Probe  
  96  12:52  Pylon  
  96  12:53  Probe  
  96  12:55  Pylon  
  96  12:56  Gateway  
  96  12:58  Pylon, Gateway  
  97  13:04  Gateway  
  97  13:06  Forge  
  97  13:08  Forge  
  97  13:13  Pylon  
  97  13:18  Assimilator, Probe  
  97  13:19  Probe  
  99  13:25  Forge, Probe  
  99  13:26  Stalker x3  
  99  13:27  Stalker x2  
  108  13:33  Warp Prism  
  112  13:39  Protoss Shields Level 1  
  112  13:44  Twilight Council  
  112  13:45  Probe  
  112  13:46  Photon Cannon x2  
  112  13:48  Photon Cannon  
  113  13:49  Probe  
  113  13:50  Probe  
  113  13:53  Pylon  
  113  13:54  Stalker x3  
  121  14:00  Void Ray x2 (Chrono Boost)  
  129  14:09  Probe  
  130  14:13  Assimilator  
  130  14:20  Charge  
  130  14:25  Protoss Ground Weapons Level 2  
  130  14:26  Probe  
  130  14:30  Zealot x3  
  130  14:31  Zealot  
  91  14:50  Stalker x2  
  91  14:51  Stalker x2  
  91  14:52  Stalker  
  89  14:53  Zealot x2  
  89  14:54  Adept x2  
  97  15:07  Adept  
  99  15:19  Zealot  
  99  15:20  Stalker x3  
  99  15:21  Stalker x2  
  70  15:37  Zealot x4  
  72  15:43  Zealot  
  72  15:49  Probe  
  72  15:50  Probe x4  
  77  15:58  Zealot x4  
  77  15:59  Zealot x5  
  91  16:19  Probe  
  91  16:20  Probe  
  91  16:22  Stalker x3  
  91  16:23  Stalker x3  
  105  16:31  Adept x4  
  107  16:55  Stalker  
  107  16:56  Stalker x5  
  117  17:09  Stalker x4  
  125  17:20  Zealot x2  
  125  17:21  Zealot x4  
Tags
 
Add a new tag
Caveats
  • Supply blocks, unpowered buildings, or Contaminate may cause inaccurate times.
  • Supply counts are checked every 10 seconds.